 Dungeon Crawl Stone Soup version 0.25-a0-167-g836c352ace (webtiles) character file.

Game seed: 1064694500804989567, levelgen mode: deterministic

106 Leeroy the Conjurer (level 4, -2/33 HPs)
             Began as a Draconian Conjurer on Nov 25, 2019.
             Was an Initiate of Wu Jian.
             Slain by an ogre
             ... wielding a +0 giant spiked club
              (14 damage)
             ... on level 4 of the Dungeon.
             The game lasted 00:03:47 (2913 turns).

Leeroy the Conjurer (Draconian Conjurer)            Turns: 2913, Time: 00:03:48

Health: -2/33      AC: 12    Str: 10    XL:     4   Next: 55%
Magic:  7/7        EV: 12    Int: 16    God:    Wu Jian [......]
Gold:   150        SH:  0    Dex: 12    Spells: 1/7 levels left

rFire    . . .     SeeInvis .   i - +1 short sword (protect)
rCold    . . .     Gourm    .   (no shield)
rNeg     . . .     Faith    .   (armour unavailable)
rPois    .         Spirit   .   (helmet restricted)
rElec    .         Reflect  .   (no cloak)
rCorr    .         Harm     .   (no gloves)
MR       .....                  (no boots)
Stlth    ++........             (no amulet)
HPRegen  0.11/turn              (no ring)
MPRegen  0.10/turn              (no ring)

@: protection aura
A: unfitting armour, cold-blooded, AC +5
a: Renounce Religion


You were on level 4 of the Dungeon.
You worshipped Wu Jian.
Wu Jian was noncommittal.
You were hungry.

You visited 1 branch of the dungeon, and saw 4 of its levels.

You collected 150 gold pieces.

Inventory:

Hand Weapons
 a - a +0 short sword
 e - a +1 dagger of venom
 i - a +1 short sword of protection (weapon)
 s - a +0 long sword
Missiles
 u - 2 boomerangs (quivered)
Jewellery
 g - a +1 ring of protection {unknown}
 q - an uncursed ring of flight {unknown}
Scrolls
 c - 4 scrolls of identify {unknown}
 d - 4 scrolls of enchant weapon {unknown}
 f - a scroll of teleportation {unknown}
 h - 3 scrolls of remove curse {unknown}
 k - 2 scrolls of blinking {unknown}
 n - a scroll of immolation {unknown}
 r - a scroll of magic mapping {unknown}
 v - a scroll of enchant armour {unknown}
Potions
 j - 2 potions of curing {unknown}
 l - 3 potions of heal wounds {unknown}
 m - a potion of lignification {unknown}
 o - a potion of flight {unknown}
 p - a potion of magic {unknown}
 t - a potion of might {unknown}
Comestibles
 b - 2 rations


   Skills:
 - Level 0.1 Short Blades
 - Level 1.7 Dodging
 - Level 1.7 Stealth
 - Level 2.0 Spellcasting
 + Level 6.0 Conjurations


You had one spell level left.
You knew the following spells:

 Your Spells              Type           Power        Failure   Level  Hunger
a - Magic Dart            Conj           ###.         1%          1    #......
b - Searing Ray           Conj           ###...       2%          2    ###....
c - Vampiric Draining     Necr           #.........   52%         3    ###....

Your spell library contained the following spells:

 Spells                   Type           Power        Failure   Level  Hunger
 Animate Skeleton         Necr           N/A          21%         1    #......
 Pain                     Necr           #...         21%         1    #......
 Iskenderun's Mystic Bla  Conj           ###.....     17%         4    #####..
 Dazzling Spray           Conj/Hex       ##....       19%         3    ###....
 Regeneration             Chrm/Necr      #.........   52%         3    ###....
 Force Lance              Conj/Tloc      ##......     52%         4    #####..
 Fulminant Prism          Conj/Hex       ##........   52%         4    #####..
 Animate Dead             Necr           N/A          90%         4    #####..


Dungeon Overview and Level Annotations

Branches:
Dungeon (4/15)
 Temple: D:4-7

Altars:
Gozag
Hepliaklqana
Kikubaaqudgha
Makhleb
Nemelex Xobeh
Okawaru
Qazlal
Sif Muna
Uskayaw
Wu Jian
The Shining One


Innate Abilities, Weirdness & Mutations

Your plain brown scales are hard. (AC +5)
You cannot fit into any form of body armour.
You are cold-blooded and may be slowed by cold attacks.


Message History

You hit the hound.
You kill the hound!
The Council accepts your kill.
Your Conjurations skill increases to level 6!
Found 11 gold pieces.
You hit the ogre.
The ogre is lightly wounded.
The ogre barely misses you.
You hit the ogre but do no damage.
The ogre is lightly wounded.
The ogre barely misses you.
You hit the ogre.
The ogre is moderately wounded.
The ogre barely misses you.
You hit the ogre.
The ogre is moderately wounded.
You hit the ogre.
The ogre is moderately wounded.
The ogre hits you with a +0 giant spiked club!
You die...

#$ 8 #.# .. #.#
.8 #.####
#.##....# ......#
###....#####.
#...@.......h
#.<.O........
#.###..#.........
#..........#####.
#####.#....#
#......#
###......
#.####.# #.# ...


You could see an ogre.

Vanquished Creatures
  A hound (D:4)
  A worker ant (D:4)
  A worm (D:3)
  4 orcs (D:3)
  A ball python (D:2)
  2 giant cockroaches (D:1)
  5 goblins
  6 hobgoblins
  A jackal (D:2)
  2 quokkas
  8 bats
  A frilled lizard (D:1)
  4 kobolds
  5 rats
42 creatures vanquished.

Notes
Turn   | Place    | Note
-------+----------+-------------------------------------------
     0 | D:1      | Leeroy the Draconian Conjurer began the quest for the Orb.
     0 | D:1      | Reached XP level 1. HP: 14/14 MP: 3/3
   269 | D:1      | Reached XP level 2. HP: 9/20 MP: 5/5
  1013 | D:1      | Found a glowing golden altar of the Shining One.
  1295 | D:2      | Learned a level 2 spell: Searing Ray
  1429 | D:2      | Reached skill level 5 in Conjurations
  1429 | D:2      | Reached XP level 3. HP: 26/26 MP: 6/6
  1700 | D:2      | Found an ornate altar of the Wu Jian Council.
  1710 | D:2      | Found a burning altar of Makhleb.
  1718 | D:2      | Became a worshipper of the Wu Jian Council
  2082 | D:2      | Found a hazy altar of Hepliaklqana.
  2101 | D:2      | Found a stormy altar of Qazlal.
  2101 | D:2      | Found a sparkling altar of Nemelex Xobeh.
  2101 | D:2      | Found an ancient bone altar of Kikubaaqudgha.
  2101 | D:2      | Found an opulent altar of Gozag.
  2103 | D:2      | Found a hide-covered altar of Uskayaw.
  2107 | D:2      | Found a shimmering blue altar of Sif Muna.
  2335 | D:3      | Found an iron altar of Okawaru.
  2454 | D:3      | Learned a level 3 spell: Vampiric Draining
  2822 | D:4      | Reached XP level 4. HP: 6/33 MP: 0/7
  2901 | D:4      | Noticed an ogre
  2906 | D:4      | Reached skill level 6 in Conjurations
  2913 | D:4      | Slain by an ogre

Levels and vault maps discovered:
D:1:      dpeg_arrival_rooms_c, layout_basic, tso_altar
D:2:      minmay_alternating_diamond, layout_basic,
          nicolae_overflow_crystal_walls, minitemple, serial_forest,
          infiniplex_forest_corner_1, infiniplex_forest_end_2,
          infiniplex_forest_straight_3, infiniplex_forest_lined_room_2,
          infiniplex_forest_lined_room_2, infiniplex_forest_fountain,
          infiniplex_forest_clump_cross, infiniplex_forest_clump_curved,
          infiniplex_forest_clump_cross, infiniplex_forest_straight_3
D:3:      layout_rooms, okawaru_metal_pillars_1_2,
          chequers_serial_rivers_large_a
D:4:      layout_loops_cross, old_standard_altar,
          nicolae_ossuary_entry_monument, uniq_ijyb

Skill      XL: |  1  2  3  4 |
---------------+-------------+-----
Conjurations   | 5 6 |  6.0
Short Blades   | |  0.1
Dodging        | |  1.7
Stealth        | |  1.7
Spellcasting   | |  2.0

Action                   |  1- 3 |  4- 6 || total
-------------------------+-------+-------++-------
Melee: Short sword       |   142 |    12 ||   154
       Unarmed           |     7 |       ||     7
       Tailslap          |    16 |       ||    16
       Dagger            |    35 |       ||    35
Invok: Lunge             |     4 |     1 ||     5
 Stab: Sleeping          |     6 |       ||     6
  Eat: Chunk             |     6 |       ||     6
Armor: Skin              |    74 |     2 ||    76
Dodge: Dodged            |   142 |    11 ||   153

Table legend:
 A = Non-vault XP
 B = Vault XP
 C = Vault XP percentage of total XP
 D = Non-vault monster count
 E = Vault monster count
 F = Vault count percentage of total count
                 A         B        C        D         E       F
            +---------+---------+-------+---------+---------+-------
      Total |     146 |       6 |   3.9 |      38 |       4 |   9.5
            +---------+---------+-------+---------+---------+-------
        D:1 |      28 |       0 |   0.0 |      16 |       0 |   0.0
        D:2 |      20 |       6 |  23.1 |      11 |       4 |  26.7
        D:3 |      24 |       0 |   0.0 |       9 |       0 |   0.0
        D:4 |      74 |       0 |   0.0 |       2 |       0 |   0.0
            +---------+---------+-------+---------+---------+-------
